 Dungeon Crawl Stone Soup version 0.26-a0-112-g824cf5ae89 (webtiles) character file.

Game seed: 10819367115020322319

125114 dobroeutro the Bludgeoner (level 16, -4/160 HPs)
             Began as a Gargoyle Fighter on June 25, 2020.
             Was the Champion of Okawaru.
             Slain by aein's ghost (26 damage)
             ... on level 15 of the Dungeon.
             The game lasted 00:49:04 (32489 turns).

dobroeutro the Bludgeoner (Gargoyle Fighter)       Turns: 32489, Time: 00:49:05

Health: -4/160     AC: 31    Str: 25    XL:     16   Next: 95%
Magic:  23/23      EV:  2    Int: 10    God:    Okawaru [******]
Gold:   3217       SH:  0    Dex: 16    Spells: 15/15 levels left

rFire    . . .     SeeInvis +   t - +2 whip (elec)
rCold    . . .     Faith    .   C - +0 kite shield {AC+3}
rNeg     + + +     Spirit   .   (armour currently unavailable)
rPois    ∞         Reflect  +   (helmet currently unavailable)
rElec    .         Harm     .   (cloak currently unavailable)
rCorr    .         NoTele   +   (gloves currently unavailable)
MR       +....                  (boots currently unavailable)
Stlth    +.........             W - amulet of reflection
HPRegen  0.36/turn              c - ring of see invisible
MPRegen  0.18/turn              X - +6 ring of dexterity

@: confused, tree-form, heroism, studying Unarmed Combat
A: negative energy resistance 1, petrification resistance, rot immunity, AC +12
a: Heroism, Finesse, Renounce Religion


You were on level 15 of the Dungeon.
You worshipped Okawaru.
Okawaru was exalted by your worship.
You were very hungry.
You were a tree.
You visited 3 branches of the dungeon, and saw 23 of its levels.
You also visited: Ossuary and Volcano.

You collected 3217 gold pieces.

Inventory:

Hand Weapons
 t - a +2 whip of electrocution (weapon)
 E - a +3 morningstar of freezing
 I - a +2 flail of protection
 M - the +9 staff of Olgreb {rPois∞}
   (You found it on level 6 of the Dungeon)

   It grants immunity to poison.
Armour
 e - a +1 hat (melded)
 g - a +2 cloak (melded)
 h - a +2 pair of gloves of strength (melded)
 k - the +8 chain mail "Ytomiz" (melded) {rPois}
   (Okawaru gifted it to you on level 2 of the Orcish Mines)

   It protects you from poison.
 l - a +0 tower shield
 C - a +0 kite shield of protection (worn)
 J - the +1 pair of boots of Hatoc {rPois MR+++ Str-3 Slay-3}
   (Okawaru gifted it to you on level 9 of the Dungeon)

   It affects your strength (-3).
   It affects your accuracy and damage with ranged weapons and melee attacks
   (-3).
   It protects you from poison.
   It affects your resistance to hostile enchantments.
 P - a +1 kite shield of positive energy
Jewellery
 c - a ring of see invisible (left branch)
 T - a +6 ring of dexterity
 W - an amulet of reflection (around neck)
 X - a +6 ring of dexterity (right branch)
Wands
 i - a wand of disintegration (14)
 v - a wand of random effects (32)
 w - a wand of digging (5)
 G - a wand of iceblast (12)
 H - a wand of flame (5)
 L - a wand of polymorph (8)
 Z - a wand of paralysis (2)
Scrolls
 b - 5 scrolls of teleportation
 j - 16 scrolls of remove curse
 m - 10 scrolls of identify
 q - 3 scrolls of amnesia
 y - a scroll of random uselessness
 D - 4 scrolls of fear
 N - 2 scrolls of blinking
 O - 2 scrolls of fog
 U - a scroll of magic mapping
 V - a scroll of enchant weapon
Potions
 a - 5 potions of curing
 d - a potion of might
 n - a potion of heal wounds
 o - 2 potions of invisibility
 p - 3 potions of brilliance
 r - 4 potions of lignification
 s - 4 potions of stabbing
 u - 3 potions of ambrosia
 x - 3 potions of mutation
 z - 6 potions of haste
 A - 3 potions of resistance {unknown}
 B - 5 potions of degeneration {unknown}
 K - 9 potions of flight
Books
 R - a manual of Unarmed Combat
Miscellaneous
 F - a lightning rod (4/4)
Comestibles
 f - 31 rations


   Skills:
 + Level 14.3(19.3) Fighting
 * Level 18.0(23.0) Maces & Flails
 + Level 12.9(17.9) Armour
 - Level 7.5(12.5) Dodging
 - Level 7.1(12.1) Shields
 - Level 6.3 Invocations
 + Level 9.5 Evocations


You had 15 spell levels left.
You didn't know any spells.
Your spell library contained the following spells:

 Spells                   Type           Power        Failure   Level  Hunger
 Animate Skeleton         Necr           N/A          47%         1    ##.....
 Corona                   Hex            #......      47%         1    ##.....
 Magic Dart               Conj           #...         47%         1    ##.....
 Pain                     Necr           #...         47%         1    ##.....
 Searing Ray              Conj           #.....       63%         2    ###....
 Slow                     Hex            #.......     63%         2    ###....
 Dazzling Flash           Conj/Hex       #.....       85%         3    ####...
 Inner Flame              Hex/Fire       #.......     85%         3    ####...
 Portal Projectile        Hex/Tloc       #.....       85%         3    ####...
 Vampiric Draining        Necr           #.........   85%         3    ####...
 Animate Dead             Necr           N/A          99%         4    #####..
 Cause Fear               Hex            #.........   99%         4    #####..
 Fulminant Prism          Conj/Hex       #.........   99%         4    #####..
 Iskenderun's Mystic Bla  Conj/Tloc      #.......     99%         4    #####..
 Leda's Liquefaction      Hex/Erth       #.........   99%         4    #####..
 Agony                    Necr           #.......     100%        5    ######.


Dungeon Overview and Level Annotations

Branches:
Dungeon (15/15)            Temple (0/1) D:6            Lair (6/6) D:10
 Shoals (0/4) Lair:3       Spider (0/4) Lair:2        Slime (0/5) Lair:6
    Orc (2/2) D:9             Elf (0/3) Orc:2        Vaults (0/5) D:14
 Depths (0/5) D:15        Ossuary (visited)         Volcano (visited)

Altars:
Ashenzari
Dithmenos
Elyvilon
Kikubaaqudgha
Makhleb
Nemelex Xobeh
Okawaru
Qazlal
Ru
Yredelemnul
The Shining One

Shops:
D:4 [   D:11 *   D:15 :   Orc:1 (:[}%   Orc:2 =?([

Annotations:
D:6 1 runed translucent door
D:13 2 transporters, Depuofia's ghost, journeyman GnWn
D:15 aein's ghost, journeyman FeBe


Innate Abilities, Weirdness & Mutations

You are resistant to torment.
((Your stone body is resilient. (AC +12)))
You are immune to poison.
((Your large and strong wings let you fly indefinitely.))
You resist negative energy. (rN+)
((You are resistant to electric shocks. (rElec)))
((You can survive without breathing.))
You are immune to petrification.
You are immune to rotting.


Message History

* * * LOW HITPOINT WARNING * * *
You closely miss aein's ghost.
Aein's ghost is severely damaged.
You block aein's ghost's attack.
You completely miss aein's ghost.
Aein's ghost is severely damaged.
You are confused.
You feel invigorated.
Aein's ghost wails, "You will never get the ORB!"
Aein's ghost hits you.
* * * LOW HITPOINT WARNING * * *
Unknown command.
You cannot move. (Use ctrl+direction or * direction to attack without moving.)
You cannot move. (Use ctrl+direction or * direction to attack without moving.)
You cannot move. (Use ctrl+direction or * direction to attack without moving.)
You swing at nothing.
Aein's ghost hits you but does no damage.
You swing at nothing.
You swing at nothing.
Aein's ghost hits you!!
You die...

#.###.# #.#.###.####........
#.....# #.............####.#
####..# #.#.###.............
#..# #.#(#########.##....
#..# #.#.).....# #.##....
#..######)#.%.....# #.##....
#.........#..()...###.##....
##.######...................
#.#######W♣..)...........##
#.............(.)(.......#
##########.....<.###.#####
######### #=###### #......(
########


You could see aein's ghost.

Vanquished Creatures
  Rupert (D:15)
  Kirke (D:15)
  A fire giant (D:15)
  Nessos (Lair:6)
  A dire elephant (Lair:6)
  Snorg (D:11)
  An ice dragon (Lair:6)
  A fire dragon (D:9)
  Harold (D:9)
  3 hydras
  4 vault guards (D:14)
  2 catoblepae (Lair:6)
  6 centaur warriors
  3 ogre magi
  19 two-headed ogres
  The ghost of SamuraiZach the Grappler, a novice TrBe of Trog (Lair:1)
  3 death knights
  7 death yaks
  Sonja (Orc:1)
  Nergalle (D:12)
  A fire crab (Volcano)
  5 unseen horrors
  2 deep trolls (Orc:2)
  An orc knight (Orc:2)
  3 lindwurms (Lair:6)
  A harpy (shapeshifter) (D:14)
  6 deep elf magi
  4 orc sorcerers (Orc:2)
  A wolf spider (D:14)
  10 cyclopes
  16 ugly things
  5 manticores
  A merfolk siren (Lair:3)
  6 elephants (Lair:6)
  7 black mambas
  5 torpor snails (Lair:6)
  3 gargoyles
  13 spiny frogs
  4 rime drakes
  8 komodo dragons
  3 kobold demonologists
  4 freezing wraiths (D:14)
  11 trolls
  3 tyrant leeches (Lair:6)
  A merfolk (Lair:3)
  2 jumping spiders (Lair:2)
  2 polar bears
  6 hornets (Lair:6)
  A harpy skeleton (D:12)
  11 dream sheep
  7 blink frogs
  A meliai zombie (D:15)
  Grinder (D:4)
  5 slime creatures (D:15)
  17 hippogriffs
  2 shadows
  A vampire (D:11)
  5 redbacks (Lair:2)
  4 spriggans
  4 wraiths
  39 yaks
  4 wyverns
  7 fire bats (Volcano)
  3 steam dragons
  A hog (D:15)
  8 basilisks
  A human (shapeshifter) (D:13)
  A hungry ghost (D:14)
  13 vampire mosquitoes
  7 soldier ants
  3 acid dragons
  6 porcupines
  4 wargs
  17 water moccasins
  21 orc warriors
  3 ice beasts
  2 black bears
  2 phantoms
  4 sky beasts
  A necrophage (D:8)
  2 eyes of draining (D:14)
  31 ogres
  8 centaurs
  2 boggarts
  12 wolves
  8 crocodiles
  2 elf zombies (Ossuary)
  A big kobold (D:7)
  18 bullfrogs
  An earth elemental (D:11)
  A wyvern zombie (D:14)
  4 scorpions
  34 killer bees
  A hornet simulacrum (D:15)
  An electric eel (Lair:4)
  6 wights
  6 howler monkeys
  6 centaur zombies
  6 crimson imps
  10 human zombies
  3 jellies
  2 bullfrog skeletons
  4 hounds
  16 orc priests
  3 centaur skeletons
  2 bullfrog zombies
  A gnoll shaman (D:5)
  16 worker ants
  2 human skeletons (D:8)
  6 iguanas
  15 orc wizards
  An ogre zombie (D:8)
  A hound zombie (D:7)
  2 hound skeletons
  6 mummies
  2 worker ant zombies
  A howler monkey zombie (D:9)
  10 gnolls
  14 adders
  6 shadow imps
  An ooze (D:3)
  3 adder skeletons
  2 worms
  A dart slug (D:1)
  4 leopard geckos
  85 orcs
  A ball python (D:2)
  10 bats
  7 giant cockroaches
  10 goblins
  10 hobgoblins
  7 jackals
  8 kobolds
  5 quokkas
  7 frilled lizards
  A goblin zombie (D:5)
  2 orc zombies
  A quokka skeleton (D:7)
  11 rats
848 creatures vanquished.

Vanquished Creatures (others)
  A hell hog (Volcano)
  A centaur skeleton (D:15)
  5 humans (D:15)
  2 vampire mosquitoes (D:15)
  A boggart (D:15)
  An orc (Orc:2)
  A bush (Lair:4)
  25 fungi
  27 plants
64 creatures vanquished.

Grand Total: 912 creatures vanquished

Notes
Turn   | Place    | Note
-------+----------+-------------------------------------------
     0 | D:1      | dobroeutro the Gargoyle Fighter began the quest for the
                  | Orb.
     0 | D:1      | Reached XP level 1. HP: 14/14 MP: 1/1
   282 | D:1      | Reached XP level 2. HP: 19/19 MP: 2/2
   319 | D:1      | Reached skill level 3 in Maces & Flails
   522 | D:1      | Reached XP level 3. HP: 23/23 MP: 3/3
  1081 | D:2      | You fall into a shaft and drop 1 floor!
  1351 | D:3      | Reached skill level 4 in Maces & Flails
  1623 | D:2      | Reached XP level 4. HP: 28/28 MP: 4/4
  1670 | D:2      | Found a shadowy altar of Dithmenos.
  2301 | D:3      | Reached XP level 5. HP: 32/32 MP: 5/5
  2710 | D:3      | Reached skill level 5 in Maces & Flails
  3016 | D:4      | Noticed Grinder
  3039 | D:4      | Paralysed by Grinder for 3 turns
  3044 | D:4      | Killed Grinder
  3044 | D:4      | Reached skill level 6 in Maces & Flails
  3044 | D:4      | Reached XP level 6. HP: 22/39 MP: 6/6
  3407 | D:4      | Found Mayrunn's Armour Shoppe.
  3470 | D:4      | Found an iron altar of Okawaru.
  3518 | D:4      | Became a worshipper of Warmaster Okawaru
  3639 | D:4      | Reached XP level 7. HP: 44/44 MP: 7/7
  3789 | D:5      | Entered Level 5 of the Dungeon
  3819 | D:5      | Reached skill level 5 in Fighting
  3857 | D:5      | Noticed a two-headed ogre
  3860 | D:5      | Reached skill level 7 in Maces & Flails
  3877 | D:5      | Found a sand-covered staircase.
  3913 | Ossuary  | Entered an ossuary
  4245 | Ossuary  | Reached * piety under Okawaru
  4271 | Ossuary  | Reached XP level 8. HP: 42/51 MP: 8/8
  4283 | Ossuary  | Reached skill level 8 in Maces & Flails
  4509 | D:5      | Found a glowing golden altar of the Shining One.
  4678 | D:5      | Killed a two-headed ogre
  4678 | D:5      | Reached ** piety under Okawaru
  4678 | D:5      | Reached skill level 9 in Maces & Flails
  4678 | D:5      | Reached XP level 9. HP: 51/57 MP: 6/9
  4708 | D:5      | Found a white marble altar of Elyvilon.
  4711 | D:5      | Found a shattered altar of Ashenzari.
  4712 | D:5      | Found a sparkling altar of Nemelex Xobeh.
  4935 | D:5      | Found a sacrificial altar of Ru.
  5111 | D:6      | Reached skill level 10 in Maces & Flails
  5170 | D:6      | Found the +9 staff of Olgreb {rPois∞}
  5173 | D:6      | Found a runed translucent door.
  5178 | D:6      | Found a runed translucent gate.
  5178 | D:6      | Found a runed translucent gate.
  5198 | D:6      | Found a staircase to the Ecumenical Temple.
  5335 | D:6      | Found an ancient bone altar of Kikubaaqudgha.
  5342 | D:6      | Found a runed translucent gate.
  5371 | D:6      | Found a runed translucent door.
  5448 | D:6      | Reached *** piety under Okawaru
  6157 | D:7      | Reached skill level 1 in Dodging
  7287 | D:8      | Noticed a two-headed ogre
  7304 | D:8      | Killed a two-headed ogre
  7304 | D:8      | Reached **** piety under Okawaru
  7304 | D:8      | Reached skill level 11 in Maces & Flails
  7304 | D:8      | Reached skill level 5 in Armour
  7304 | D:8      | Reached XP level 10. HP: 36/65 MP: 7/10
  7454 | D:8      | Reached skill level 5 in Shields
  7863 | D:8      | Found a basalt altar of Yredelemnul.
  7888 | D:8      | Reached ***** piety under Okawaru
  8130 | D:9      | Found a stormy altar of Qazlal.
  8654 | D:9      | Found a staircase to the Orcish Mines.
  8827 | D:9      | Reached XP level 11. HP: 71/71 MP: 11/11
  8978 | D:9      | Noticed a two-headed ogre
  8999 | D:9      | Killed a two-headed ogre
  8999 | D:9      | Reached skill level 12 in Maces & Flails
  9037 | D:9      | Noticed a fire dragon
  9056 | D:9      | Killed a fire dragon
  9056 | D:9      | Received a gift from Okawaru
  9060 | D:9      | Got a pair of spiked boots {god gift}
  9066 | D:9      | Identified the +1 pair of boots of Hatoc {rPois MR+++ Str-3
                  | Slay-3} (Okawaru gifted it to you on level 9 of the
                  | Dungeon)
  9366 | D:9      | Noticed a two-headed ogre
  9376 | D:9      | Killed a two-headed ogre
  9560 | D:9      | Noticed Harold
  9570 | D:9      | Killed Harold
 10271 | D:10     | Entered Level 10 of the Dungeon
 10307 | D:10     | Noticed a two-headed ogre
 10317 | D:10     | Killed a two-headed ogre
 10317 | D:10     | Reached skill level 10 in Fighting
 10472 | D:10     | Noticed a two-headed ogre
 10484 | D:10     | Killed a two-headed ogre
 10484 | D:10     | Reached skill level 1 in Invocations
 10484 | D:10     | Reached skill level 1 in Evocations
 10873 | D:10     | Reached XP level 12. HP: 75/77 MP: 13/13
 10939 | D:10     | Reached skill level 5 in Dodging
 11029 | D:10     | Found a staircase to the Lair.
 11170 | D:11     | Reached skill level 13 in Maces & Flails
 11244 | D:11     | Noticed a two-headed ogre
 11266 | D:11     | Killed a two-headed ogre
 11392 | D:11     | Reached ****** piety under Okawaru
 11416 | D:11     | Found Diucaytz's Pet Rocks.
 11579 | D:11     | Noticed a soul eater
 11619 | D:11     | Noticed a two-headed ogre
 11627 | D:11     | Killed a two-headed ogre
 12044 | D:11     | Received a gift from Okawaru
 12396 | D:11     | Noticed Snorg
 12414 | D:11     | Killed Snorg
 13071 | D:12     | Reached XP level 13. HP: 84/84 MP: 16/16
 13282 | D:12     | Reached skill level 14 in Maces & Flails
 13289 | D:12     | Reached skill level 5 in Invocations
 13446 | D:12     | Noticed Nergalle
 13477 | D:12     | Killed Nergalle
 14495 | D:13     | Found a transporter.
 14502 | D:13     | Noticed Depuofia's ghost (journeyman GnWn)
 14559 | D:13     | Received a gift from Okawaru
 15068 | D:13     | Found a transporter.
 15301 | Lair:1   | Entered Level 1 of the Lair of Beasts
 15645 | Lair:1   | Found a runed translucent door.
 15648 | Lair:1   | Noticed SamuraiZach's ghost (novice TrBe)
 15735 | Lair:1   | Identified the +3 spear of Deflation {elec, rF+ Dex+3}
 16055 | Lair:1   | Killed SamuraiZach's ghost
 16055 | Lair:1   | Reached skill level 5 in Evocations
 16207 | Lair:2   | Received a gift from Okawaru
 16274 | Lair:1   | You fall into a shaft and drop 1 floor!
 17124 | Lair:2   | Gained mutation: Your large and strong wings let you fly
                  | indefinitely. [Gargoyle growth]
 17124 | Lair:2   | Reached XP level 14. HP: 74/91 MP: 18/18
 17194 | Lair:2   | Found a hole to the Spider Nest.
 17858 | Lair:3   | Found a burning altar of Makhleb.
 18093 | Lair:3   | Found a staircase to the Shoals.
 19029 | Lair:4   | Reached skill level 10 in Armour
 19268 | Lair:4   | Reached skill level 15 in Maces & Flails
 20132 | Lair:5   | Found a dark tunnel.
 20158 | Volcano  | Entered a volcano
 20405 | Volcano  | HP: 4/92 [hell hog/fireball (42)]
 21075 | Lair:5   | Received a gift from Okawaru
 21080 | Lair:5   | Got a scorched quarterstaff {god gift}
 21081 | Lair:5   | Identified the +8 quarterstaff of Karma {drain, Str+3
                  | Dex+3} (Okawaru gifted it to you on level 5 of the Lair of
                  | Beasts)
 21823 | Lair:6   | Entered Level 6 of the Lair of Beasts
 21827 | Lair:6   | Found a staircase to the Slime Pits.
 22316 | Lair:6   | Received a gift from Okawaru
 22593 | Lair:6   | Reached XP level 15. HP: 80/97 MP: 20/20
 23169 | Lair:6   | Noticed Nessos
 23186 | Lair:6   | Killed Nessos
 23186 | Lair:6   | Reached skill level 16 in Maces & Flails
 24090 | Lair:6   | Found a runed translucent door.
 24775 | Orc:1    | Entered Level 1 of the Orcish Mines
 24787 | Orc:1    | Found Zuotyit's Armour Shop.
 24864 | Orc:1    | Found Ciyloepo's Book Emporium.
 24902 | Orc:1    | Found Losmul's Antique Weapon Shoppe.
 25040 | Orc:2    | Entered Level 2 of the Orcish Mines
 25076 | Orc:2    | Paralysed by an orc sorcerer for 2 turns
 25368 | Orc:2    | Found a staircase to the Elven Halls.
 25371 | Orc:2    | Paralysed by an orc sorcerer for 6 turns
 25635 | Orc:2    | Paralysed by an orc sorcerer for 6 turns
 26070 | Orc:2    | Found Viabb's Antique Weapon Emporium.
 26094 | Orc:2    | Paralysed by an ogre mage for 3 turns
 26109 | Orc:2    | Received a gift from Okawaru
 26112 | Orc:2    | Got an aquamarine-encrusted chain mail {god gift}
 26184 | Orc:2    | Identified the +8 chain mail "Ytomiz" {rPois} (Okawaru
                  | gifted it to you on level 2 of the Orcish Mines)
 26297 | Orc:1    | Found Lintoasm's Gadget Boutique.
 26302 | Orc:1    | Noticed Sonja
 26333 | Orc:1    | Killed Sonja
 26645 | Orc:1    | Found Kyif's Food Emporium.
 26960 | Orc:2    | Found Cittoits's Jewellery Shoppe.
 26996 | Orc:2    | Reached XP level 16. HP: 97/104 MP: 22/22
 27044 | Orc:2    | Reached skill level 17 in Maces & Flails
 27190 | Orc:2    | Found Qumo's Antique Armour Boutique.
 27199 | Orc:2    | Found Jiotol's Magic Scroll Emporium.
 28526 | D:14     | Found a gate to the Vaults.
 29031 | D:14     | Received a gift from Okawaru
 30233 | D:15     | Entered Level 15 of the Dungeon
 30654 | D:15     | Found a staircase to the Depths.
 31018 | D:15     | Noticed Rupert
 31019 | D:15     | Paralysed by Rupert for 5 turns
 31057 | D:15     | Found a runed translucent gate.
 31073 | D:15     | Found a runed translucent gate.
 31073 | D:15     | Found a runed translucent gate.
 31074 | D:15     | Noticed aein's ghost (journeyman FeBe)
 31125 | D:15     | Killed Rupert
 31277 | D:15     | Noticed Kirke
 31295 | D:15     | Killed Kirke
 31499 | D:15     | Identified the +1 robe of the Forest {rPois Dex+2}
 31515 | D:15     | Received a gift from Okawaru
 31612 | D:15     | Found Akhlye's Book Boutique.
 32245 | D:15     | Noticed a Brimstone Fiend
 32369 | D:15     | Reached skill level 18 in Maces & Flails
 32489 | D:15     | Slain by aein's ghost

Illustrated notes

Levels and vault maps discovered:
D:1:      dpeg_arrival_radiant, layout_basic, st_stairs_2,
          hangedman_decor_clover_reticule
D:2:      layout_basic, old_standard_altar
D:3:      layout_basic
D:4:      layout_basic, serial_shops, kennysheep_mini, lemuel_tele_altar,
          uniq_grinder
D:5:      layout_cave_pools, chequers_temple_overflow_statue_of_worship,
          basic_altar, first_ration, nicolae_ossuary_entry_giza,
          nicolae_ru_the_path_less_chosen
D:6:      layout_basic, nicolae_overflow_crystal_walls,
          minmay_temple_entry_large_hall, minmay_guarded_unrand_staff_of_olgreb
D:7:      statuecave_lemuel, layout_basic, kennysheep_decorative_pillar,
          the_bakery
D:8:      layout_rooms, lemuel_mausoleum_altar_yredelemnul, st_stairs_3
D:9:      dragon1_lemuel, layout_gridville, erik_orc_3, grunt_qazlal_sundering,
          uniq_harold
D:10:     layout_irregular_city, erik_lair_dragon
D:11:     minmay_octagon_keep, layout_rooms, guppyfry_shop_earth, uniq_snorg
D:12:     layout_basic, uniq_nergalle
D:13:     layout_cave_pools, gammafunk_ghost_stat_death
D:14:     hangedman_cross_veins, layout_loops_ring,
          lightli_vaults_fourway_checkpoint, special_room [special_room_orc],
          kennysheep_pointless_box
D:15:     grunt_enter_depths_giant_problem, layout_loops_ring, serial_shops,
          shop, gammafunk_ghost_tricky_traps, minmay_misc_feat_enclosed,
          uniq_kirke, uniq_rupert
Lair:1:   layout_cellular_growth, ebering_ghost_funeral_grove
Lair:2:   layout_cave_shapes, nicolae_spider_entry_tight_spaces,
          chequers_serial_rivers_room_a, fungi_pond_lemuel, grunt_megastairs_5
Lair:3:   layout_gridlike, elwin_shoals_entry_rooms, basic_altar
Lair:4:   layout_hall_layers, st_stairs_12, beast_lair_carwin_10,
          serial_bayou_shore_a
Lair:5:   layout_long_grid, enter_volcano_1, hangedman_lair_generics_rect
Lair:6:   wormcave, layout_regular_city, hangedman_lair_in_review, slime_dummy,
          chequers_serial_rivers_micro_d, uniq_nessos
Orc:1:    layout_caves, serial_shops, shop_coins, shop, shop, shop,
          nicolae_shop_statue_plus, nicolae_orc_crystal_geode, uniq_sonja
Orc:2:    st_orc_open, layout_diamond_mine

Skill      XL: |  1  2  3  4  5  6  7  8  9 10 11 12 13 14 15 16 |
---------------+-------------------------------------------------+-----
Maces & Flails | 3 4 6 7 9 11 12 13 14 15 16 18 | 18.0
Fighting       | 4 5 7 8 9 10 11 12 13 14 | 14.3
Dodging        | 2 3 4 5 6 7 |  7.5
Armour         | 5 6 7 8 9 10 11 12 | 12.9
Shields        | 4 6 7 |  7.1
Invocations    | 1 4 6 |  6.3
Evocations     | 1 3 5 6 8 9 |  9.5

Action                   |  1- 3 |  4- 6 |  7- 9 | 10-12 | 13-15 | 16-18 || total
-------------------------+-------+-------+-------+-------+-------+-------++-------
Melee: Flail             |   157 |    91 |       |       |       |       ||   248
       Whip              |       |   117 |   440 |  1125 |  2182 |  1031 ||  4895
       Unarmed           |       |       |       |     8 |       |       ||     8
Invok: Heroism           |       |       |     2 |     4 |     9 |     6 ||    21
       Finesse           |       |       |       |     1 |     1 |       ||     2
 Abil: Evoke Flight      |       |       |     1 |       |       |       ||     1
Evoke: Lightning rod     |       |       |       |       |     5 |     1 ||     6
       Wand              |       |       |       |       |     4 |    12 ||    16
  Use: Scroll            |       |     2 |    18 |       |     6 |     3 ||    29
       Potion            |       |       |     2 |     3 |     4 |     6 ||    15
 Stab: Petrified         |       |       |       |       |    17 |       ||    17
       Petrifying        |       |       |       |       |     1 |       ||     1
       Distracted        |       |       |       |       |       |     1 ||     1
  Eat: Chunk             |     3 |     5 |    10 |    19 |    39 |     7 ||    83
       Ration            |       |       |     1 |       |     2 |     3 ||     6
Armor: Scale mail        |    15 |       |       |       |       |       ||    15
       Chain mail        |    93 |   136 |   169 |   372 |   771 |   229 ||  1770
       Skin              |       |       |       |       |       |     1 ||     1
Dodge: Dodged            |    43 |    31 |    59 |   221 |   591 |   216 ||  1161
Block: Kite shield       |    91 |    98 |   120 |   383 |  1232 |   546 ||  2470
       Reflection        |       |       |       |       |    16 |    33 ||    49

Table legend:
 A = Non-vault XP
 B = Vault XP
 C = Vault XP percentage of total XP
 D = Non-vault monster count
 E = Vault monster count
 F = Vault count percentage of total count
                 A         B        C        D         E       F
            +---------+---------+-------+---------+---------+-------
      Total |   94012 |   84723 |  47.4 |     571 |     279 |  32.8
            +---------+---------+-------+---------+---------+-------
        D:1 |      38 |       4 |   9.5 |      25 |       2 |   7.4
        D:2 |      54 |       0 |   0.0 |      24 |       0 |   0.0
        D:3 |      84 |       0 |   0.0 |      17 |       0 |   0.0
        D:4 |     198 |     254 |  56.2 |       8 |       1 |  11.1
        D:5 |    1226 |      20 |   1.6 |      15 |       3 |  16.7
        D:6 |     738 |    2035 |  73.4 |      22 |      23 |  51.1
        D:7 |     800 |     220 |  21.6 |      18 |       1 |   5.3
        D:8 |    2567 |     557 |  17.8 |      26 |      14 |  35.0
        D:9 |    4182 |    2330 |  35.8 |      34 |      17 |  33.3
       D:10 |    2197 |    1122 |  33.8 |      12 |       6 |  33.3
       D:11 |    8741 |    3479 |  28.5 |      56 |      13 |  18.8
       D:12 |    9024 |     796 |   8.1 |      42 |       1 |   2.3
       D:13 |    5027 |       0 |   0.0 |      26 |       0 |   0.0
       D:14 |   12517 |   14470 |  53.6 |      34 |      57 |  62.6
       D:15 |   10423 |    9726 |  48.3 |      29 |      10 |  25.6
     Lair:1 |    2225 |    2341 |  51.3 |      10 |       8 |  44.4
     Lair:2 |    2269 |    1690 |  42.7 |       8 |       7 |  46.7
     Lair:3 |    4430 |    1600 |  26.5 |      22 |       3 |  12.0
     Lair:4 |    2180 |    5517 |  71.7 |      10 |       8 |  44.4
     Lair:5 |    4815 |    2450 |  33.7 |      20 |       7 |  25.9
     Lair:6 |   13598 |   15819 |  53.8 |      48 |      34 |  41.5
      Orc:1 |    2068 |     807 |  28.1 |      30 |       1 |   3.2
      Orc:2 |    4611 |   15667 |  77.3 |      35 |      37 |  51.4
    Ossuary |       0 |     682 | 100.0 |       0 |      15 | 100.0
    Volcano |       0 |    3137 | 100.0 |       0 |      11 | 100.0
            +---------+---------+-------+---------+---------+-------
